 Dungeon Crawl Stone Soup version 0.29-a0-1006-g0dd7720b37 (webtiles) character file.

Game seed: 12759677825093321803

115 drpainis the Sneak (level 4, 0/23 HPs)
             Began as a Spriggan Brigand on Aug 6, 2022.
             Slain by an iguana (8 damage)
             ... on level 3 of the Dungeon.
             The game lasted 00:05:11 (2400 turns).

drpainis the Sneak (Spriggan Brigand)               Turns: 2400, Time: 00:05:12

Health: 0/23       AC:  3    Str:  7    XL:     4   Next: 68%
Magic:  5/5        EV: 16    Int: 12    God:
Gold:   178        SH:  0    Dex: 18    Spells: 3/3 levels left

rFire   . . .      SeeInvis +   a - +2 dagger
rCold   . . .      Faith    .   (no shield)
rNeg    . . .      Spirit   .   b - +0 robe
rPois   +          Reflect  .   (helmet restricted)
rElec   .          Harm     .   c - +0 cloak
rCorr   .          Rampage  .   (gloves unavailable)
Will    .....                   (boots unavailable)
Stlth   ++++......              o - amulet of the acrobat
HPRegen 0.07/turn               h - ring of flight
MPRegen 0.09/turn               j - ring of poison resistance

@: flying, very quick
A: very small, no large weapons, unfitting armour, see invisible, speed 3
a: no special abilities


You were on level 3 of the Dungeon.
You visited 1 branch of the dungeon, and saw 3 of its levels.

You collected 178 gold pieces.

Inventory:

Hand Weapons
 a - a +2 dagger (weapon)
 g - a +0 dagger
Missiles
 d - 6 poisoned darts (quivered)
 e - a curare-tipped dart
Armour
 b - a +0 robe (worn)
 c - a +0 cloak (worn)
 k - a +0 pair of boots
Jewellery
 h - a ring of flight (left hand)
 j - a ring of poison resistance (right hand)
 o - an amulet of the acrobat (around neck)
Scrolls
 f - 5 scrolls of identify {unknown}
 l - a scroll of silence {unknown}
 m - a scroll of magic mapping {unknown}
 n - a scroll of immolation {unknown}
 p - a scroll of brand weapon {unknown}
 r - a scroll of teleportation {unknown}
 s - a scroll of fear {unknown}
Potions
 i - a potion of might {unknown}
 q - a potion of haste {unknown}
 t - a potion of heal wounds {unknown}


   Skills:
 + Level 1.7 Fighting
 + Level 3.1 Short Blades
 + Level 2.9 Throwing
 + Level 1.6 Dodging
 + Level 7.7 Stealth


You had 3 spell levels left.
You didn't know any spells.
Your spell library contained the following spells:

 Spells                   Type           Power      Damage    Failure   Level
 Slow                     Hex            0%         N/A       32%         1
 Confusing Touch          Hex            0%         N/A       69%         3
 Vampiric Draining        Necr           0%         2d6       69%         3


Dungeon Overview and Level Annotations

Branches:
Dungeon (3/15)

Altars:
Zin


Innate Abilities, Weirdness & Mutations

You are very small and have problems with some larger weapons.
You are too small for most types of armour.
You have supernaturally acute eyesight. (SInv)
You cover ground extremely quickly. (Speed+++)


Message History

You throw a poisoned dart. The poisoned dart hits the worm.
The worm looks even sicker.
A worm is nearby!
t - a viscous inky potion You hit the worm.
The worm is heavily wounded.
The worm looks more healthy.
You hit the worm.
The worm is severely wounded.
The worm bites you.
You hit the worm.
You kill the worm!
You hit the endoplasm.
The endoplasm is moderately wounded.
The endoplasm closely misses you.
You hit the endoplasm.
The endoplasm is almost dead.
The endoplasm freezes you.
You are frozen.
You hit the endoplasm.
You kill the endoplasm!
You see here a worm corpse.
There is a glowing silver altar of Zin here.
d - 4 poisoned darts (gained 2)
d - 6 poisoned darts (gained 2)
An iguana comes into view.
The iguana hisses angrily.
You hit the iguana.
The iguana is lightly wounded.
The iguana bites you!
You hit the iguana but do no damage.
The iguana is lightly wounded.
The iguana bites you!
You closely miss the iguana.
The iguana is lightly wounded.
The iguana barely misses you.
You hit the iguana but do no damage.
The iguana is lightly wounded.
The iguana bites you!
You die...

##.......
##....>...
#.........
######.........
#..............
####.####.........
#....# #.........
#.#### ##......§§
#@# ##..§≈§§§
.......l.......
#...§.§§
....###########
#...≈.≈≈ ..
#...≈.≈. ##..≈.≈.
#..≈.≈† ##.≈.≈≈
#§§§§. #.§§≈≈


You could see an iguana.

Vanquished Creatures
  6 adders
  2 dart slugs (D:1)
  A worm (D:3)
  3 bats
  8 endoplasms
  4 giant cockroaches
  5 goblins
  5 hobgoblins
  3 quokkas
  3 ball pythons
  3 frilled lizards
  7 kobolds
  4 rats
54 creatures vanquished.

Notes
Turn   | Place    | Note
-------+----------+-------------------------------------------
     0 | D:1      | drpainis the Spriggan Brigand began the quest for the Orb.
     0 | D:1      | Reached XP level 1. HP: 10/10 MP: 2/2
    60 | D:1      | Reached skill level 6 in Stealth
   260 | D:1      | Reached XP level 2. HP: 6/14 MP: 3/3
  1232 | D:2      | Reached XP level 3. HP: 18/18 MP: 4/4
  1293 | D:2      | Reached skill level 7 in Stealth
  1325 | D:2      | Found a faded altar of an unknown god.
  1439 | D:2      | Reached XP level 4. HP: 23/23 MP: 5/5
  2264 | D:3      | Found a glowing silver altar of Zin.
  2400 | D:3      | Slain by an iguana

Illustrated notes

Levels and vault maps discovered:
D:1:      amcnicky_arrival_wind_blow, layout_basic, minivault_27,
          minmay_surrounded
D:2:      layout_loops_ring, shapermc_ecumenical_altar_mp_vishouse
D:3:      layout_rooms, mainiacjoe_overflow_concentric_impassable,
          chequers_serial_rivers_micro_a, uniq_crazy_yiuf_cottage

Skill      XL: |  1  2  3 |
---------------+----------+-----
Stealth        | 6 7 |  7.7
Short Blades   | 3 |  3.1
Fighting       | |  1.7
Throwing       | |  2.9
Dodging        | |  1.6

Action                   |  1- 3 |  4- 6 || total
-------------------------+-------+-------++-------
Melee: Dagger            |    40 |    42 ||    82
Throw: Dart              |    25 |    41 ||    66
 Stab: Sleeping          |    11 |     6 ||    17
       Distracted        |     1 |       ||     1
Armor: Robe              |     5 |     4 ||     9
Dodge: Dodged            |    14 |    20 ||    34

Table legend: (Time is in decaauts)
 A = Elapsed time spent in this place.
 B = Non-inter-level travel time spent in this place.
 C = Inter-level travel time spent in this place.
 D = Time resting spent in this place.
 E = Time spent auto-exploring this place.
 F = Levels seen in this place.
 G = Mean time per level.
                   A        B        C        D        E       F      G
               +--------+--------+--------+--------+--------+-----+--------+
         Total |   1760 |   1760 |      0 |     28 |   1251 |   3 |  586.7 |
       Dungeon |   1760 |   1760 |      0 |     28 |   1251 |   3 |  586.7 |
               +--------+--------+--------+--------+--------+-----+--------+

Top non-repeatable levels by time:
     D:1: 823 daAuts
     D:2: 548 daAuts
     D:3: 389 daAuts
